 Dungeon Crawl Stone Soup version 0.26-a0-651-gb41185065b (webtiles) character file.

Game seed: 16869462601777308685

177 droidtality the Covered (level 5, -14/49 HPs)
             Began as a Deep Dwarf Fighter on Sept 30, 2020.
             Demolished by an ogre
             ... wielding a cursed +0 giant spiked club
              (22 damage)
             ... on level 4 of the Dungeon.
             The game lasted 00:02:42 (2696 turns).

droidtality the Covered (Deep Dwarf Fighter)        Turns: 2696, Time: 00:02:42

Health: -14/49     AC:  9    Str: 21    XL:     5   Next: 30%
Magic:  5/5        EV:  6    Int:  8    God:
Gold:   130        SH:  9    Dex: 12    Spells: 4/4 levels left

rFire    . . .     SeeInvis .   a - +0 war axe
rCold    . . .     Faith    .   c - +0 kite shield
rNeg     . . .     Spirit   .   t - +0 chain mail
rPois    .         Reflect  .   (no helmet)
rElec    .         Harm     .   (no cloak)
rCorr    .         Rampage  .   (no gloves)
MR       .....                  (no boots)
Stlth    ..........             (no amulet)
HPRegen  0.00/turn              (no ring)
MPRegen  0.09/turn              (no ring)

@: non-regenerating
A: damage resistance, heal wounds, sense surroundings 1, no regeneration
a: Heal Wounds


You were on level 4 of the Dungeon.
You visited 1 branch of the dungeon, and saw 4 of its levels.

You collected 130 gold pieces.

Inventory:

Hand Weapons
 a - a +0 war axe (weapon)
Armour
 b - a +0 scale mail
 c - a +0 kite shield (worn)
 t - a +0 chain mail (worn)
Jewellery
 p - an uncursed ring of flight {unknown}
 s - an uncursed amulet of the acrobat
Scrolls
 g - 3 scrolls of teleportation
 h - a scroll of immolation {unknown}
 j - a scroll of fog {unknown}
 k - 2 scrolls of fear
 l - a scroll of enchant armour {unknown}
 n - 2 scrolls of enchant weapon
 o - a scroll of random uselessness {unknown}
 r - a scroll of amnesia {unknown}
Potions
 d - a potion of might
 e - a potion of brilliance {unknown}
 f - a potion of resistance {unknown}
 m - 2 potions of heal wounds {unknown}
 q - a potion of curing {unknown}


   Skills:
 + Level 3.4 Fighting
 + Level 4.0 Axes
 + Level 4.3 Armour
 + Level 1.0 Dodging
 + Level 0.1 Stealth
 + Level 4.0 Shields


You had 4 spell levels left.
You didn't know any spells.
Your spell library was empty.

Dungeon Overview and Level Annotations

Branches:
Dungeon (4/15)
 Temple: D:4-7

Altars:
Gozag
Okawaru


Innate Abilities, Weirdness & Mutations

You are resistant to damage.
You can heal yourself by infusing magical energy.
You passively map a small area around you.
You do not regenerate.


Message History

The jackal bites you but does no damage.
A giant cockroach comes into view.
You block the jackal's attack.
You slash the jackal!
You kill the jackal!
Your shield and chain mail prevent you from hitting the ogre.
The ogre hits you with a cursed +0 giant spiked club.
You slash the ogre!
The ogre is moderately wounded.
The ogre hits you with a cursed +0 giant spiked club!
You slash the ogre!
The ogre is severely wounded.
The ogre hits you with a cursed +0 giant spiked club!
Unknown command.
You hit the ogre.
The ogre is severely wounded.
The ogre hits you with a cursed +0 giant spiked club!
* * * LOW HITPOINT WARNING * * *
The ogre hits you with a cursed +0 giant spiked club!!
You die...

,* * * * * ** *
* , , ,, ,, , *
* , , , #### ,
* ** , .. #..,,
, , , , ,, *..
#.# * , , ,*#.
#@#* * #.##O#
#..#O# , #.#s#
, * #..Z# .# ,,
######..# ...#
,
#.......#....#
,
#..............
,
#....<.........
,


You could see 2 ogres, a giant cockroach and a hound skeleton.

Vanquished Creatures
  An iguana (D:2)
  5 adders
  2 oozes
  3 worms (D:2)
  2 dart slugs
  A leopard gecko (D:3)
  5 orcs (D:3)
  3 ball pythons
  10 bats
  3 giant cockroaches (D:2)
  8 goblins
  8 hobgoblins
  2 jackals (D:4)
  4 quokkas
  4 frilled lizards
  7 kobolds
  11 rats
79 creatures vanquished.

Notes
Turn   | Place    | Note
-------+----------+-------------------------------------------
     0 | D:1      | droidtality the Deep Dwarf Fighter began the quest for the
                  | Orb.
     0 | D:1      | Reached XP level 1. HP: 20/20 MP: 1/1
   278 | D:1      | Reached XP level 2. HP: 25/27 MP: 2/2
   923 | D:2      | Found an opulent altar of Gozag.
   961 | D:2      | Reached XP level 3. HP: 31/34 MP: 3/3
  1089 | D:2      | Found a faded altar of an unknown god.
  1100 | D:2      | Reached XP level 4. HP: 37/42 MP: 4/4
  1749 | D:3      | Reached XP level 5. HP: 44/49 MP: 5/5
  1999 | D:3      | Found an iron altar of Okawaru.
  2214 | D:3      | Found an opulent altar of Gozag.
  2285 | D:3      | Reached skill level 1 in Dodging
  2676 | D:4      | Noticed an ogre
  2676 | D:4      | Noticed an ogre
  2696 | D:4      | Demolished by an ogre

Illustrated notes

Levels and vault maps discovered:
D:1:      dpeg_arrival_round_a, layout_basic, chequers_serial_rivers_room_a
D:2:      layout_loops_ring, nicolae_overflow_hidden_temple,
          chequers_ecumenical_altar_simple
D:3:      layout_loops_corners, okawaru_metal_pillars_3,
          nicolae_gozag_seed_capital
D:4:      layout_basic, nicolae_overflow_crystal_walls, enter_ossuary_5,
          lemuel_blue_sif_altar, uniq_robin, uniq_duvessa

Skill      XL: |  1  2  3  4  5 |
---------------+----------------+-----
Fighting       | 3 |  3.4
Axes           | 3 4 |  4.0
Armour         | 4 |  4.3
Dodging        | 1 |  1.0
Shields        | 4 |  4.0
Stealth        | |  0.1

Action                   |  1- 3 |  4- 6 || total
-------------------------+-------+-------++-------
Melee: War axe           |    54 |   149 ||   203
 Abil: Heal Wounds       |     1 |     1 ||     2
  Use: Scroll            |       |     4 ||     4
Armor: Scale mail        |    22 |    54 ||    76
       Chain mail        |       |     4 ||     4
Dodge: Dodged            |    16 |    54 ||    70
Block: Kite shield       |    25 |    73 ||    98

Table legend: (Time is in decaauts)
 A = Elapsed time spent in this place.
 B = Non-inter-level travel time spent in this place.
 C = Inter-level travel time spent in this place.
 D = Time resting spent in this place.
 E = Time spent auto-exploring this place.
 F = Levels seen in this place.
 G = Mean time per level.
                   A        B        C        D        E       F      G
               +--------+--------+--------+--------+--------+-----+--------+
         Total |   2778 |   2359 |    419 |      0 |   1863 |   4 |  694.5 |
       Dungeon |   2778 |   2359 |    419 |      0 |   1863 |   4 |  694.5 |
               +--------+--------+--------+--------+--------+-----+--------+

Top non-repeatable levels by time:
     D:3: 1077 daAuts
     D:1: 928 daAuts
     D:2: 748 daAuts
     D:4: 23 daAuts
